Map: Ascension to Aiur LE

Players

NightOwl

  • Race: Zerg Zerg
  • Spawn Location: 11:00

Minato - Winner!

  • Race: Zerg Zerg
  • Spawn Location: 5:00

Event: WCS Jonkoping 2017

VOD

Have the link to the VOD?

Description

Time

  • Played on: June 17, 2017, 6:31 a.m.
  • Length: 6:09

All games in this series

Show
View Real Time Build Order
Export as new Build Order

NightOwl Zerg 

Build Orders: Hatch First 

Get SALT Encoding   

  12  0:01  Drone  
  13  0:14  Overlord  
  13  0:17  Drone  
  14  0:33  Drone x2  
  16  0:36  Drone  
  17  0:52  Hatchery  
  17  0:55  Drone  
  17  0:59  Drone  
  17  1:02  Extractor  
  17  1:16  Spawning Pool  
  17  1:17  Drone  
  17  1:20  Drone  
  18  1:31  Drone  
  19  1:43  Overlord  
  19  2:03  Queen, Zergling x4, Metabolic Boost  
  19  2:07  Queen  
  25  2:10  Drone  
  25  2:13  Drone  
  27  2:17  Drone  
  28  2:24  Drone  
  29  2:30  Drone  
  30  2:40  Hatchery  
  29  2:46  Drone x2  
  31  2:58  Overlord  
  31  3:00  Baneling Nest  
  30  3:11  Overlord  
  30  3:17  Zergling x8  
  34  3:28  Zergling x2  
  34  3:29  Zergling x2  
  34  3:32  Zergling x4  
  38  3:44  Baneling x2  
  38  3:46  Zergling x6  
  38  3:48  Overlord  
  41  3:49  Drone x3  
  41  3:55  Drone x3  
  46  3:59  Queen  
  46  4:02  Drone  
  50  4:13  Drone x4  
  54  4:18  Drone  
  54  4:19  Drone x3  
  57  4:30  Drone  
  55  4:32  Zergling x6  
  57  4:42  Roach Warren, Zergling x2  
  57  4:44  Overlord x2  
  57  4:53  Baneling x2  
  57  4:57  Overlord  
  57  5:02  Extractor  
  56  5:10  Zergling x18  
  51  5:26  Zergling x10  
  44  5:33  Zergling x16  
  44  5:35  Baneling  
  46  5:42  Zergling x8  
  46  5:51  Zergling x6  
Show
View Real Time Build Order
Export as new Build Order

Minato Zerg - Winner!

Build Orders: Hatch First 

Get SALT Encoding   

  12  0:01  Drone  
  13  0:12  Overlord  
  13  0:17  Drone  
  14  0:30  Drone x2  
  14  0:34  Drone  
  17  0:52  Hatchery  
  17  0:55  Drone  
  17  0:58  Drone  
  18  1:10  Extractor  
  17  1:13  Spawning Pool  
  17  1:15  Drone  
  17  1:19  Drone  
  18  1:29  Drone  
  19  1:39  Drone  
  20  1:49  Overlord  
  20  2:00  Queen  
  22  2:04  Spine Crawler  
  22  2:05  Queen, Zergling x4  
  25  2:12  Zergling x2  
  26  2:16  Metabolic Boost  
  26  2:19  Drone  
  27  2:25  Zergling x2  
  27  2:27  Drone  
  29  2:36  Queen  
  31  2:41  Drone x2  
  33  2:44  Drone  
  34  2:52  Overlord  
  34  3:07  Hatchery  
  33  3:17  Drone x4  
  37  3:22  Evolution Chamber  
  37  3:26  Drone  
  37  3:28  Drone  
  37  3:29  Drone  
  39  3:37  Drone  
  39  3:40  Evolution Chamber  
  39  3:48  Zerg Ground Armor Level 1, Zergling x4  
  39  3:52  Overlord  
  42  3:55  Zergling x2  
  42  4:03  Zergling x4  
  42  4:05  Zerg Melee Weapons Level 1  
  44  4:12  Zergling x4  
  44  4:13  Zergling x2  
  44  4:14  Zergling x4  
  49  4:19  Zergling x6  
  49  4:21  Zergling x2  
  52  4:24  Zergling x4  
  52  4:28  Zergling x2  
  52  4:29  Zergling x2  
  54  4:32  Zergling x4  
  54  4:36  Zergling x2  
  57  4:40  Overlord  
  57  4:43  Overlord  
  57  4:57  Zergling x4  
  57  4:58  Zergling x4  
  60  5:00  Zergling x8  
  60  5:01  Zergling x2  
  60  5:06  Zergling x4  
  67  5:09  Zergling x4  
  68  5:16  Zergling x4  
  68  5:20  Zergling x4  
  68  5:24  Zergling x2  
  61  5:31  Zergling x12  
  66  5:41  Zergling x8  
  65  5:50  Zergling x4  
Tags
 
Add a new tag
Caveats
  • Supply blocks, unpowered buildings, or Contaminate may cause inaccurate times.
  • Supply counts are checked every 10 seconds.